 Dungeon Crawl Stone Soup version 0.32-a0-913-g739538afd8 (webtiles) character file.

Game seed: 333619238989611914

1469 funkygono the Firebug (level 8, 0/43 HPs)
             Began as a Gargoyle Fire Elementalist on Apr 7, 2024.
             Slain by an orc
             ... wielding a +0 trident
              (2 damage)
             ... on level 6 of the Dungeon.
             The game lasted 00:12:01 (5726 turns).

funkygono the Firebug (Gargoyle Fire Elementalist)  Turns: 5726, Time: 00:12:02

Health: 0/43       AC: 14    Str: 12    XL:     8   Next: 77%
Magic:  8/17       EV: 10    Int: 18    God:
Gold:   176        SH:  6    Dex: 10    Spells: 12/19 levels left

rFire   . . .        i - +1 whip
rCold   + . .        o - +3 buckler
rNeg    + . .        f - +3 leather armour {rC+}
rPois   ∞            a - +2 helmet
rElec   +            (no cloak)
rCorr   .            (no gloves)
SInv    .            (no boots)
Will    .....        (no amulet)
Stlth   ++           (no ring)
HPRegen 0.27/turn    (no ring)
MPRegen 0.15/turn

%: no passive effects
@: no status effects
A: sickness immunity, AC +5, negative energy resistance 1, electricity
resistance, torment resistance 1, petrification resistance
a: no special abilities


You were on level 6 of the Dungeon.
You visited 1 branch of the dungeon, and saw 8 of its levels.

You collected 176 gold pieces.

Inventory:

Hand Weapons
 i - a +1 whip (weapon)
Armour
 a - a +2 helmet (worn)
 f - a +3 leather armour of cold resistance (worn)
 o - a +3 buckler (worn)
 s - a +2 robe of fire resistance
Magical Staves
 d - a staff of death
Jewellery
 h - the ring of the Tempest {rN+ Dex+3 SInv}
   (You found it on level 8 of the Dungeon)

   [ring of see invisible]

   Dex+3:     It affects your dexterity (+3).
   rN+:       It protects you from negative energy.
   SInv:      It lets you see invisible.
Scrolls
 b - a scroll of fog
 e - 6 scrolls of fear
 g - a scroll of immolation {unknown}
 j - a scroll of identify
 n - 3 scrolls of vulnerability
Potions
 c - a potion of berserk rage {unknown}
 k - a potion of mutation
 l - a potion of curing
 m - a potion of enlightenment


   Skills:
 + Level 1.5 Fighting
 + Level 2.0 Maces & Flails
 + Level 0.2(1.2) Staves
 + Level 0.9 Armour
 + Level 2.6 Dodging
 + Level 2.8 Stealth
 + Level 2.0 Shields
 + Level 6.1 Spellcasting
 + Level 3.3 Conjurations
 + Level 6.7 Fire Magic


You had 12 spell levels left.
You knew the following spells:

 Your Spells              Type           Power      Damage    Failure   Level
a - Foxfire               Conj/Fire      92%        2x1d8     2%          1
b - Scorch                Fire           58%        2d7       1%          2
c - Flame Wave            Conj/Fire      23%        2d8       26%         4

Your spell library contained the following spells:

 Spells                   Type           Power      Damage    Failure   Level
 Inner Flame              Hex/Fire       17%        N/A       16%         3
 Volatile Blastmotes      Fire/Tloc      34%        2d12      16%         3


Dungeon Overview and Level Annotations

Branches:
Dungeon (8/15)
 Temple: D:4-7         Lair: D:8-11

Altars:

Shops:
D:4 :

Annotations:
D:7 Pikel


Innate Abilities, Weirdness & Mutations

You are immune to sickness and miasma.
Your stone body is resilient. (AC +5)
You are immune to poison.
You resist negative energy. (rN+)
You are resistant to electric shocks. (rElec)
You are resistant to unholy torment.
You are immune to petrification.


Message History

The lemure attacks as it pursues you! The lemure barely misses you.
Things that are here:
a +0 dagger; an orc corpse The lemure attacks as it pursues you!
The lemure hits you but does no damage.
Casting: Foxfire (safe; 2% risk of failure)
Confirm with . or Enter, or press ? or * to list all spells.
You conjure some foxfire!
The lemure hits you.
* * * LOW HITPOINT WARNING * * *
Casting: Foxfire (safe; 2% risk of failure)
Confirm with . or Enter, or press ? or * to list all spells.
Flames lash the hound.
The hound is moderately wounded.
The hound's fire resistance burns away.
You hear a shout!
The foxfire hits the lemure.
The lemure is moderately wounded.
The foxfire hits the lemure.
The lemure is moderately wounded.
The lemure closely misses you. The lemure hits you!
* * * LOW HITPOINT WARNING * * *
An orc wizard comes into view. It is wielding a +0 dagger.
The hound is no longer more vulnerable to fire.
You block the hound's attack. x2; The orc barely misses you.
Casting: Scorch (safe; 1% risk of failure)
Confirm with . or Enter, or press ? or * to list all spells.
Flames lash the lemure.
The lemure is heavily wounded.
The lemure's fire resistance burns away.
Unknown command.
The orc attacks as it pursues you!
The orc hits you from afar with a +0 trident.
* * * LOW HITPOINT WARNING * * *
Casting: Scorch (safe; 1% risk of failure)
Confirm with . or Enter, or press ? or * to list all spells.
Flames lash the orc.
You kill the orc!
You block the lemure's attack.
The orc hits you from afar with a +0 trident.
You die...

### # ##.##
..###.#####...##
.......@5oh....#
..###.#####oo.##
# ##)## #.# #>#
#o# #.# #o# #.#


You could see a lemure (combustible), a hound, an orc wizard and 2 orcs.

Vanquished Creatures
  4 yaks
  Eustachio (D:5)
  A water moccasin (D:4)
  An ogre (D:5)
  Blork the orc (D:4)
  2 scorpions
  A wight (D:5)
  A bombardier beetle (D:5)
  2 hounds
  2 jellies (D:5)
  An iguana (D:5)
  5 adders
  A white imp (D:5)
  2 dart slugs (D:2)
  A ribbon worm (D:2)
  13 orcs
  6 endoplasms
  2 giant cockroaches
  5 goblins
  11 hobgoblins
  7 jackals
  4 quokkas
  4 ball pythons
  7 bats (D:1)
  3 frilled lizards
  8 kobolds
  5 rats
101 creatures vanquished.

Vanquished Creatures (collateral kills)
  A foxfire (D:2)
1 creature vanquished.

Vanquished Creatures (others)
  294 foxfires
294 creatures vanquished.

Grand Total: 396 creatures vanquished

Notes
Turn   | Place    | Note
-------+----------+-------------------------------------------
     0 | D:1      | funkygono the Gargoyle Fire Elementalist began the quest
                  | for the Orb.
     0 | D:1      | Reached XP level 1. HP: 10/10 MP: 3/3
   219 | D:1      | Reached XP level 2. HP: 15/15 MP: 0/5
   306 | D:1      | Learned a level 2 spell: Scorch
   604 | D:1      | Reached XP level 3. HP: 19/19 MP: 2/6
  1689 | D:2      | Reached XP level 4. HP: 24/24 MP: 4/7
  2375 | D:3      | Found a faded altar of an unknown god.
  2735 | D:3      | Learned a level 4 spell: Flame Wave
  3012 | D:4      | Reached XP level 5. HP: 28/28 MP: 3/9
  3638 | D:4      | Noticed Blork the orc
  3642 | D:4      | Reached skill level 1 in Shields
  3666 | D:4      | Killed Blork the orc
  3667 | D:4      | Reached skill level 5 in Fire Magic
  3667 | D:4      | Reached XP level 6. HP: 11/33 MP: 2/11
  3833 | D:4      | Noticed a water moccasin
  3841 | D:4      | Killed a water moccasin
  4062 | D:4      | Found Vudd's Book Boutique.
  4378 | D:5      | Entered Level 5 of the Dungeon
  4381 | D:5      | Reached XP level 7. HP: 37/37 MP: 9/13
  4694 | D:5      | Reached skill level 5 in Spellcasting
  4910 | D:5      | Noticed a yak
  4923 | D:5      | Killed a yak
  4924 | D:5      | Reached XP level 8. HP: 39/42 MP: 3/16
  5148 | D:5      | Noticed Eustachio
  5441 | D:5      | Killed Eustachio
  5442 | D:5      | Reached skill level 1 in Fighting
  5512 | D:5      | You fall into a shaft and drop 3 floors!
  5517 | D:8      | Noticed a yak
  5524 | D:8      | Identified the ring of the Tempest {rN+ Dex+3 SInv}
  5531 | D:8      | Noticed a yak
  5536 | D:8      | Killed a yak
  5537 | D:8      | Reached skill level 1 in Maces & Flails
  5537 | D:8      | Noticed a yak
  5655 | D:8      | Killed a yak
  5677 | D:7      | Killed a yak
  5679 | D:7      | Noticed Pikel
  5725 | D:6      | HP: 2/43 [orc/+0 trident (4)]
  5726 | D:6      | Slain by an orc

Illustrated notes

Levels and vault maps discovered:
D:1:      eino_arrival_cavern_d, layout_basic
D:2:      layout_loops_cross, serial_forest, infiniplex_forest_lined_2,
          infiniplex_forest_straight_4, infiniplex_forest_lined_1,
          infiniplex_forest_clump_cross, infiniplex_forest_clump_medium,
          infiniplex_forest_clump_C, infiniplex_forest_lined_3_way,
          infiniplex_forest_clump_curved
D:3:      layout_rooms, serial_rivers, chequers_serial_rivers_room_b,
          chequers_serial_rivers_large_b, chequers_serial_rivers_micro_b,
          chequers_serial_rivers_small_a, chequers_serial_rivers_small_b,
          chequers_serial_rivers_micro_c, ebering_ecumenical_altar_rust,
          kennysheep_cross_room
D:4:      layout_loops_cross, serial_shops, nicolae_book_shop_shelving,
          item_on_display_a, uniq_blork_the_orc
D:5:      kennysheep_steamy, layout_basic, minitemple, minmay_small_thing,
          uniq_eustachio
D:6:      layout_loops_corners, mainiacjoe_overflow_six_doors_small,
          minmay_temple_entry_grid, lightli_corner_chamber, uniq_jeremiah,
          uniq_edmund, uniq_menkaure, uniq_grinder
D:7:      layout_cave_pods, bloody_makhleb, uniq_pikel
D:8:      layout_basic, mainiacjoe_overflow_boulevard,
          nemelex_spade_bored_becter, tso_oasis_becter,
          nicolae_figureground_sparkle

Skill      XL: |  1  2  3  4  5  6  7  8 |
---------------+-------------------------+-----
Fire Magic     | 4 5 6 |  6.7
Spellcasting   | 3 4 5 6 |  6.1
Conjurations   | 2 3 |  3.3
Shields        | 1 2 |  2.0
Fighting       | 1 |  1.5
Dodging        | 2 |  2.6
Maces & Flails | 2 |  2.0
Staves         | |  0.2
Armour         | |  0.9
Stealth        | |  2.8

Action                     |  1- 3 |  4- 6 |  7- 9 || total
---------------------------+-------+-------+-------++-------
  Melee: Staff             |     1 |       |       ||     1
         Whip              |       |    27 |   169 ||   196
   Cast: Foxfire           |    71 |    52 |    51 ||   174
         Scorch            |     4 |    25 |    43 ||    72
         Flame Wave        |       |       |     1 ||     1
    Use: Potion            |       |     2 |     5 ||     7
         Scroll            |       |    11 |       ||    11
 Armour: Robe              |    16 |    21 |   149 ||   186
         Leather armour    |       |       |    62 ||    62
  Dodge: Dodged            |    24 |    25 |   145 ||   194
  Block: Buckler           |       |     5 |   122 ||   127

Table legend: (Time is in decaauts)
 A = Elapsed time spent in this place.
 B = Non-inter-level travel time spent in this place.
 C = Inter-level travel time spent in this place.
 D = Time resting spent in this place.
 E = Time spent auto-exploring this place.
 F = Levels seen in this place.
 G = Mean time per level.
                   A        B        C        D        E       F      G
               +--------+--------+--------+--------+--------+-----+--------+
         Total |   5803 |   5569 |    234 |    162 |   4153 |   8 |  725.4 |
       Dungeon |   5803 |   5569 |    234 |    162 |   4153 |   8 |  725.4 |
               +--------+--------+--------+--------+--------+-----+--------+

Top non-repeatable levels by time:
     D:1: 1283 daAuts
     D:4: 1277 daAuts
     D:5: 1152 daAuts
     D:2: 1081 daAuts
     D:3: 791 daAuts
     D:8: 166 daAuts
     D:7: 32 daAuts
     D:6: 17 daAuts
